AoeStats
← Groove8733

Glade

510471474Analyzed
1v1 RM · 13h ago on Oct 1, 2026· 47m 52s· 2 players
Game mode
Random Map
Map size
Tiny (2 player)
Population
200
Speed
Normal
Resources
Standard
Victory
Conquest
Starting age
Dark Age
Ending age
Imperial Age
RankedLock teamsTeams togetherTeam positionsShared explorationLock speedFull tech treeHidden civsTurbo modeCheats
Victory
Defeat
🇨🇳 Khmer · China
553
+14
🇦🇺 Mongols · Australia
508
-18
Groove8733
5:06 Loom
9:08 Feudal Age
13:40 Double-Bit Axe
13:37 Horse Collar
14:36 Wheelbarrow
16:14 Gold Mining
20:49 Castle Age
22:48 Crossbowman
22:51 Light Cavalry
28:12 Scale Barding Armor
28:08 Padded Archer Armor
31:58 Hand Cart
35:58 Imperial Age
34:23 Nomads
37:11 Imperial Age
37:26 Bloodlines
41:27 Imperial Age
48:14 Scale Mail Armor
jyq1234567891011
11:48 Feudal Age
12:36 Double-Bit Axe
14:12 Horse Collar
19:31 Fletching
23:45 Castle Age
24:22 Bodkin Arrow
25:44 Gold Mining
27:18 Light Cavalry
31:15 Imperial Age
29:16 Bow Saw
33:55 Double Crossbow
36:02 Heavy Scorpion
Connection lost

Rejoining the realm…

Still unreachable

The connection could not be restored.

Session expired

The server has moved on; the page needs a fresh start.